 Dungeon Crawl Stone Soup version 0.14-a0-1626-g054e7ae (webtiles) character file.

3038 4tharraofdagon the Arsonist (level 9, -2/45 HPs)
             Began as a Deep Elf Fire Elementalist on Dec 25, 2013.
             Was a Believer of Vehumet.
             Slain by a minotaur (21 damage)
             ... in a labyrinth.
             The game lasted 00:21:48 (2966 turns).

4tharraofdagon the Arsonist (DEFE)                  Turns: 2966, Time: 00:21:48

HP  -2/45        AC  7     Str  5      XL: 9   Next: 44%
MP  15/25        EV 13     Int 24      God: Vehumet [**....]
Gold 222         SH  0     Dex 15      Spells:  4 memorised, 11 levels left

rFire  . . .     SeeInvis .     m - +0 short sword (speed)
rCold  . . .     Clarity  .     q - +2 robe {MR+}
rNeg   . . .     Conserve .     (no shield)
rPois  +         rCorr    .     (no helmet)
rElec  .         rRot     .     p - +2 cloak {rPois}
SustAb . .       Spirit   .     (no gloves)
rMut   .         Warding  .     (no boots)
Saprov . . .     Stasis   .     (no amulet)
                                (no ring)
                                (no ring)

@: extremely resistant to hostile enchantments, fairly stealthy
A: low mp 1, magic resistance 2
a: Renounce Religion


You were in a labyrinth.
You worshipped Vehumet.
Vehumet was pleased with you.
You were not hungry.

You visited 3 branches of the dungeon, and saw 11 of its levels.
You also visited: Labyrinth.

You collected 222 gold pieces.

Inventory:

Hand weapons
 m - a +0,+0 short sword of speed (weapon)
 w - a +0 blowgun
Missiles
 i - 17 darts (quivered)
 s - a throwing net
Armour
 a - a +0 elven robe
 p - a +2 cloak of poison resistance (worn)
 q - a +2 robe of magic resistance (worn)
Magical devices
 h - a wand of frost (0)
Scrolls
 d - a scroll of curse jewellery {unknown}
 f - 2 scrolls of remove curse
 g - a scroll of enchant weapon I {unknown}
 l - a scroll of amnesia {unknown}
 o - a scroll of fog {unknown}
 r - a scroll of immolation {unknown}
 t - 2 scrolls of teleportation {unknown}
 u - 2 scrolls of fear {unknown}
 v - a scroll of noise
Jewellery
 y - an uncursed ring of hunger
Potions
 b - a potion of curing
 e - a potion of magic
 k - a potion of resistance
 x - a potion of heal wounds
 A - a potion of invisibility {unknown}
Books
 j - a book of Flames

   Spells                             Type                      Level
   *Flame Tongue                      Conjuration/Fire             1
   Throw Flame                        Conjuration/Fire             2
   *Conjure Flame                     Conjuration/Fire             3
   Inner Flame                        Hexes/Fire                   3
   *Sticky Flame                      Conjuration/Fire             4
   *Fireball                          Conjuration/Fire             5


   Skills:
 - Level 2.4 Dodging
 - Level 2.4 Stealth
 + Level 8.2 Spellcasting
 * Level 9.1 Conjurations
 * Level 9.6 Fire Magic


You had 11 spell levels left.
You knew the following spells:

 Your Spells              Type           Power        Failure   Level  Hunger
a - Flame Tongue          Conj/Fire      #####        1%          1    None
b - Conjure Flame         Conj/Fire      ######..     1%          3    None
c - Sticky Flame          Conj/Fire      ######..     1%          4    ##.....
d - Fireball              Conj/Fire      ######....   4%          5    ####...


Dungeon Overview and Level Annotations

Branches:
Dungeon (9/16)             Temple (1/1) D:6            Lair (1/8) D:8
    Orc: D:9-12

Altars:
Fedhas
Kikubaaqudgha
Nemelex Xobeh
Vehumet
Yredelemnul
Zin
the Shining One


Innate Abilities, Weirdness & Mutations

Your magical capacity is low (-10% MP).
You are highly resistant to hostile enchantments.


Message History

The minotaur closely misses you.
The minotaur burns!
The minotaur is engulfed in roaring flames.
The minotaur burns!
The minotaur is engulfed in roaring flames.
The minotaur burns!
The minotaur stops burning.
Evoke which item? (* to show all) (? for menu, Esc to quit)
Okay, then.
Drink which item? (? for menu, Esc to quit)
Okay, then.
Casting: Sticky Flame
Confirm with . or Enter, or press ? or * to list all spells.
Aiming: Sticky Flame
Press: ? - help, Shift-Dir - straight line, f/p - minotaur
Aim: a minotaur (heavily wounded)
The sticky flame hits the minotaur.
The minotaur is heavily wounded.
The minotaur is covered in liquid flames!
The minotaur burns!
The minotaur hits you!
You die...

. ### #. #.#
###. # #.#
..... #.#
..#
#.#####.#
#..#
#.......# ▓
#..##### #@#
≈. #§. ...#
#H#
<...§.####.#
###.#
▓.#....#.#
#...# ▓ #.##
#.###.### #
. #.#...#.
..#
#.#.###.#
.#. #......
# ##### ###
#


You could see a minotaur (burning).

Vanquished Creatures
  Maurice (D:8)
  3 reindeers (Lair:1)
  A hungry ghost (D:8)
  A manticore (D:8)
  A necrophage (D:6)
  A sky beast (D:8)
  2 ice beasts
  3 ogres (D:8)
  4 giant frogs
  Satan Claus (D:6)
  A crocodile (Lair:1)
  A centaur (D:6)
  2 water moccasins
  A goliath beetle (D:7)
  A crimson imp (D:7)
  2 orc wizards (D:7)
  A centaur skeleton (D:7)
  2 hounds
  A jelly (D:6)
  2 iguanas
  2 scorpions
  2 worker ants
  2 sheep (Lair:1)
  8 adders
  A giant eyeball (D:6)
  A giant gecko (D:5)
  3 orcs
  2 goblins
  9 hobgoblins
  8 kobolds
  A quokka (D:7)
  2 ball pythons
  7 bats
  2 giant newts
  6 jackals
  An orc skeleton (D:6)
  6 rats
95 creatures vanquished.

Notes
Turn   | Place    | Note
--------------------------------------------------------------
     0 | D:1      | 4tharraofdagon, the Deep Elf Fire Elementalist, began the quest for the Orb.
     0 | D:1      | Reached XP level 1. HP: 10/10 MP: 5/5
   111 | D:2      | Found an ancient bone altar of Kikubaaqudgha.
   161 | D:2      | Reached XP level 2. HP: 15/15 MP: 3/8
   311 | D:4      | Reached XP level 3. HP: 5/19 MP: 0/11
   330 | D:4      | Learned a level 3 spell: Conjure Flame
   374 | D:5      | Entered Level 5 of the Dungeon
   378 | D:5      | Reached skill level 4 in Fire Magic
   385 | D:5      | Found a sparkling altar of Nemelex Xobeh.
   415 | D:5      | Noticed an ice beast
   525 | D:5      | Reached XP level 4. HP: 24/24 MP: 12/14
   546 | D:5      | Killed an ice beast
   546 | D:5      | Reached XP level 5. HP: 28/28 MP: 3/18
   578 | D:5      | Learned a level 4 spell: Sticky Flame
   689 | D:6      | Noticed a necrophage
   698 | D:6      | Killed a necrophage
   698 | D:6      | Reached skill level 5 in Fire Magic
   698 | D:6      | Reached XP level 6. HP: 17/32 MP: 0/20
   705 | D:6      | Learned a level 5 spell: Fireball
   786 | D:6      | Found a staircase to the Ecumenical Temple.
   792 | D:6      | Noticed Satan Claus
   810 | D:6      | Killed Satan Claus
   831 | Temple   | Entered the Ecumenical Temple
   882 | Temple   | Became a worshipper of Vehumet
   980 | D:6      | Noticed a centaur
   981 | D:6      | Noticed a phantom
  1005 | D:6      | You fall through a shaft!
  1047 | D:7      | Reached skill level 5 in Spellcasting
  1047 | D:7      | Reached skill level 5 in Conjurations
  1052 | D:7      | Gained mutation: You are resistant to hostile enchantments. [potion of mutation]
  1052 | D:7      | Gained mutation: You are highly resistant to hostile enchantments. [potion of mutation]
  1052 | D:7      | Gained mutation: Your magical capacity is low (-10% MP). [potion of mutation]
  1093 | D:8      | HP: 1/32 [sky beast (5)]
  1094 | D:8      | Reached skill level 6 in Fire Magic
  1094 | D:8      | Reached XP level 7. HP: 1/36 MP: 12/19
  1287 | D:8      | Noticed a hungry ghost
  1298 | D:8      | Killed a hungry ghost
  1376 | D:8      | Noticed Maurice
  1388 | D:8      | Killed Maurice
  1388 | D:8      | Reached skill level 7 in Fire Magic
  1388 | D:8      | Reached XP level 8. HP: 9/41 MP: 2/22
  1641 | D:7      | Got a steaming leather armour
  1686 | D:7      | Acquired Vehumet's first power
  1686 | D:7      | Offered knowledge of Shock by Vehumet.
  1686 | D:7      | Reached skill level 8 in Fire Magic
  1687 | D:7      | #1
  1908 | D:6      | Noticed an ice beast
  1913 | D:6      | Killed an ice beast
  1937 | D:6      | Noticed a centaur
  1939 | D:6      | Killed a centaur
  2020 | D:8      | Noticed a manticore
  2034 | D:8      | Killed a manticore
  2034 | D:8      | Reached XP level 9. HP: 15/45 MP: 4/25
  2061 | D:8      | Noticed a reindeer
  2084 | D:8      | Reached skill level 9 in Fire Magic
  2130 | D:8      | Found a staircase to the Lair.
  2134 | D:8      | Identified the +0 leather armour "Fric Teafy" {Dex+4 Int-1} (You found it on level 7 of the Dungeon)
  2201 | Lair:1   | Entered Level 1 of the Lair of Beasts
  2232 | Lair:1   | Found a labyrinth entrance.
  2283 | Lair:1   | Offered knowledge of Searing Ray by Vehumet.
  2284 | Lair:1   | #2
  2348 | Lab      | Entered a labyrinth
  2946 | Lab      | Noticed a minotaur
  2966 | Lab      | Slain by a minotaur

Action                   |  1- 3 |  4- 6 |  7- 9 || total
-------------------------+-------+-------+-------++-------
Melee: Short sword       |    11 |    13 |    40 ||    64
 Cast: Flame Tongue      |    38 |    31 |    51 ||   120
       Conjure Flame     |       |     4 |     9 ||    13
       Sticky Flame      |       |     5 |    27 ||    32
       Fireball          |       |       |     5 ||     5
Evoke: Wand              |       |       |    10 ||    10
  Use: Potion            |     3 |     2 |     2 ||     7
       Scroll            |       |     5 |     5 ||    10
 Stab: Sleeping          |       |     2 |       ||     2
